Icehogs vs Punishers

Created - April 2, 2024 at 07:43

Goals
1 2 3 T
Icehogs 1 1 2 4
Punishers 1 1 1 3
Shots
1 2 3 T
Icehogs 7 6 18 31
Punishers 13 8 13 34

1st period

1. Punishers , Zemgus Girgensons 20 (Corey Tropp 23, Kevin Roy 27) at 7:05 (PP)
2. Icehogs , Jesse Puljujarvi 26 (Dave Bolland 4, Mikhail Grigorenko 52) at 8:36 (PP)

Penalties :
Kurtis Gabriel (Roc) for Tripping (Minor) at 5:41, Adam Ruzicka (Pro) for Hooking (Minor) at 8:19, Ben Betker (Pro) for High sticking (Minor) at 17:40

2nd period

3. Punishers , Anton Blidh 36 (Jesse Ylonen 6, Oskar Lindblom 44) at 0:54
4. Icehogs , Maxim Letunov 6 (Kurtis Gabriel 19, Calle Andersson 16) at 10:49

Penalties :
Corey Tropp (Pro) for Slashing (Minor) at 1:43, Nicolas Beaudin (Pro) for Holding (Minor) at 14:40, Carson Meyer (Pro) for Holding (Minor) at 17:14

3rd period

5. Icehogs , Dave Bolland 5 (Mikhail Grigorenko 53, Jesse Puljujarvi 32) at 7:44 (PP)
6. Icehogs , Kurtis Gabriel 21 (Maxim Letunov 11, Ross Johnston 4) at 10:55
7. Punishers , John Quenneville 33 (Zemgus Girgensons 11) at 11:41

Penalties :
Calle Andersson (Roc) for Holding (Minor) at 4:05, Kole Lind (Pro) for Interference (Minor) at 7:27, Jesse Ylonen (Pro) for Roughing (Minor) at 17:52

Goalie Stats

Mackenzie Blackwood (Roc), 31 saves from 34 shots - (0.912), W, 31-20-2, 60:00 minutes
Cal Petersen (Pro), 27 saves from 31 shots - (0.871), L, 7-17-0, 60:00 minutes

Players Stats for Icehogs

Player Name              G  A  P  +/- PIM S  H  SB GA TA FO     MP     PP MP  PK MP  
------------------------------------------------------------------------------------
Andrew Poturalski        0  0  0  -1  0   2  0  1  0  0  7/9     8:50   0:00   0:00 
Calle Andersson          0  1  1   1  2   1  0  0  0  0  0/0    20:43   5:08   0:51 
Clark Bishop             0  0  0   0  0   0  0  0  0  0  0/0     0:09   0:09   0:00 
Dave Bolland             1  1  2  -1  0   5  0  1  0  0  24/41  22:56   5:57   1:35 
Dillon Dube              0  0  0   0  0   4  2  0  0  1  3/8    16:55   2:48   0:00 
Duncan Siemens           0  0  0   1  0   2  2  0  0  0  0/0    21:28   5:08   2:05 
Hudson Fasching          0  0  0   0  0   3  2  0  0  0  0/0    17:56   2:54   0:56 
J.T. Brown               0  0  0  -1  0   2  0  0  1  0  1/1    10:26   1:35   0:00 
Jackson Cates            0  0  0   0  0   0  0  0  0  0  0/0     0:00   0:00   0:00 
Jeremy Davies            0  0  0  -1  0   1  1  0  0  1  0/0    10:03   0:23   0:00 
Jesse Puljujarvi         1  1  2  -1  0   1  1  3  0  0  0/0    22:17   5:57   0:56 
JJ. Piccinich            0  0  0   0  0   0  0  0  0  0  0/0     0:00   0:00   0:00 
Kristian Reichel         0  0  0   0  0   0  0  0  0  0  0/0     0:00   0:00   0:00 
Kurtis Gabriel           1  1  2   1  2   4  2  0  0  1  0/0    13:54   0:00   0:00 
Maxim Letunov            1  1  2   2  0   1  1  0  1  0  1/3     7:11   0:00   0:00 
Michael Rasmussen        0  0  0  -1  0   0  2  0  0  0  0/0    10:47   0:23   0:52 
Mike Reilly              0  0  0   0  0   0  0  2  1  0  0/0    29:07   4:58   1:56 
Mikhail Grigorenko       0  2  2  -1  0   5  3  3  2  2  0/1    23:00   6:01   1:35 
Mitchell Chaffee         0  0  0   0  0   0  0  0  0  0  0/0     0:00   0:00   0:00 
Myles Bell               0  0  0   0  0   0  2  0  0  1  0/1    16:58   2:52   0:00 
Nikita Scherbak          0  0  0   0  0   0  1  0  0  0  1/1     4:20   1:35   0:00 
Patrick Russell          0  0  0   0  0   0  0  0  0  0  0/0     1:41   1:35   0:00 
Patrick Sieloff          0  0  0   0  0   0  0  5  0  1  0/0    28:51   4:58   1:54 
Ross Johnston            0  1  1   2  0   0  1  0  0  1  0/0     7:15   0:04   0:00 
Thomas DiPauli           0  0  0   0  0   0  0  0  0  0  2/2     1:48   0:00   0:52 

Players Stats for Punishers

Player Name              G  A  P  +/- PIM S  H  SB GA TA FO     MP     PP MP  PK MP  
------------------------------------------------------------------------------------
Adam Ruzicka             0  0  0   1  2   1  0  0  1  0  2/9    11:13   0:00   1:48 
Anton Blidh              1  0  1   1  0   4  2  0  0  0  0/1    12:18   0:00   2:52 
Artem Zub                0  0  0   0  0   1  0  1  2  2  0/0    27:28   1:13   6:00 
Ben Betker               0  0  0   0  2   2  1  1  0  0  0/0    25:55   1:13   4:28 
Carson Meyer             0  0  0   0  2   0  1  0  0  0  0/0     7:15   0:00   0:00 
Connor Clifton           0  0  0   0  0   0  2  0  1  1  0/0    20:48   2:10   4:29 
Corey Tropp              0  1  1   0  2   1  3  1  0  0  0/0    16:37   1:27   0:00 
Daniel Audette           0  0  0   0  0   0  1  0  0  0  0/1     6:47   0:00   0:00 
Jesse Ylonen             0  1  1   1  2   2  0  0  0  0  0/0     9:00   0:45   0:00 
Joel Kiviranta           0  0  0   0  0   0  0  0  0  0  0/0     6:47   0:00   0:00 
John Quenneville         1  0  1  -1  0   4  1  1  2  0  18/40  22:38   1:27   6:01 
Kevin Roy                0  1  1   0  0   2  3  0  0  0  7/13   18:47   1:56   2:06 
Kole Lind                0  0  0  -1  2   1  0  1  0  0  1/1    16:17   1:11   0:00 
Nicolas Beaudin          0  0  0   0  2   0  0  0  0  0  0/0    12:01   0:00   0:00 
Niko Mikkola             0  0  0   0  0   0  1  4  0  0  0/0    21:28   2:10   5:09 
Oskar Lindblom           0  1  1   0  0   6  1  1  1  0  0/0    20:47   1:56   4:03 
Urho Vaakanainen         0  0  0   0  0   0  0  0  0  1  0/0    12:36   0:00   0:52 
Zemgus Girgensons        1  1  2  -1  0   10 0  2  1  1  0/2    20:42   1:27   4:08 

3 Stars

1 - Maxim Letunov (Roc)
2 - Kurtis Gabriel (Roc)
3 - Jesse Puljujarvi (Roc)

Power Play

Icehogs - 2 on 7 Attempt(s) - 28.57%
Punishers - 1 on 2 Attempt(s) - 50.00%

Penalty Kill

Icehogs - 1 on 2 Attempt(s) - 50.00% - Score 0 goal in Penalty Kill
Punishers - 5 on 7 Attempt(s) - 71.43% - Score 0 goal in Penalty Kill

Team Stat

Icehogs - Hits : 20 - Faceoff Wins : 39 - Blocked Shots : 15 - Penalty Minutes : 4
Punishers - Hits : 16 - Faceoff Wins : 28 - Blocked Shots : 12 - Penalty Minutes : 14

Official

Referees : Chris Rooney and Michael Markovic
Linesman : Jesse Marquis and Steve Miller

Game Notes

No Game Note

Finance

Level 1 -- Attendance: 1827 (91.35%) -- Ticket Income $127,890
Level 2 -- Attendance: 937 (93.70%) -- Ticket Income $37,480
Total Attendance: 2764 (92.13%)
Total Ticket Income: $165,370
Other Income: $8,268
Total Income: $173,638

Icehogs

5 vs 5 Forward 
   Center                   Left Wing                Right Wing               Time % Phy DF OF 
 1 Dave Bolland             Mikhail Grigorenko       Jesse Puljujarvi         40     1   2  2  
 2 Dillon Dube              Myles Bell               Hudson Fasching          30     1   2  2  
 3 Andrew Poturalski        Michael Rasmussen        J.T. Brown               20     1   2  2  
 4 Maxim Letunov            Ross Johnston            Kurtis Gabriel           10     1   2  2  

5 vs 5 Defense 
   Defense                  Defense                                           Time % Phy DF OF 
 1 Mike Reilly              Patrick Sieloff                                   40     1   2  2  
 2 Duncan Siemens           Calle Andersson                                   30     1   2  2  
 3 Jeremy Davies            Kurtis Gabriel                                    20     1   2  2  
 4 Mike Reilly              Patrick Sieloff                                   10     1   2  2  

PowerPlay Forward 
   Center                   Left Wing                Right Wing               Time % Phy DF OF 
 1 Dave Bolland             Mikhail Grigorenko       Jesse Puljujarvi         60     1   2  2  
 2 Dillon Dube              Myles Bell               Hudson Fasching          40     1   2  2  

PowerPlay Defense
   Defense                  Defense                                           Time % Phy DF OF 
 1 Mike Reilly              Patrick Sieloff                                   60     1   2  2  
 2 Duncan Siemens           Calle Andersson                                   40     1   2  2  

Penalty Kill 4 Players Forward 
   Center                   Wing                     Time % Phy DF OF 
 1 Dave Bolland             Mikhail Grigorenko       60     1   2  2  
 2 Jesse Puljujarvi         Hudson Fasching          40     1   2  2  

Penalty Kill 4 Players Defense
   Defense                  Defense                  Time % Phy DF OF 
 1 Mike Reilly              Patrick Sieloff          60     1   2  2  
 2 Duncan Siemens           Calle Andersson          40     1   2  2  

Penalty Kill - 3 Players Forward 
   Forward                                           Time % Phy DF OF 
 1 Dave Bolland                                      60     1   2  2  
 2 Mikhail Grigorenko                                40     1   2  2  

Penalty Kill - 3 Players Defense
   Defense                  Defense                  Time % Phy DF OF 
 1 Mike Reilly              Patrick Sieloff          60     1   2  2  
 2 Duncan Siemens           Calle Andersson          40     1   2  2  

4 vs 4 Forward 
   Center                   Wing                     Time % Phy DF OF 
 1 Dave Bolland             Mikhail Grigorenko       60     1   2  2  
 2 Jesse Puljujarvi         Hudson Fasching          40     1   2  2  

4 vs 4 Defense
   Defense                  Defense                  Time % Phy DF OF 
 1 Mike Reilly              Patrick Sieloff          60     1   2  2  
 2 Duncan Siemens           Calle Andersson          40     1   2  2  

Last Minutes Offensive
   Center                   Left Wing                Right Wing               Defense                  Defense                  
   Dave Bolland             Mikhail Grigorenko       Jesse Puljujarvi         Mike Reilly              Patrick Sieloff          

Last Minutes Defensive
   Center                   Left Wing                Right Wing               Defense                  Defense                  
   Dave Bolland             Mikhail Grigorenko       Jesse Puljujarvi         Mike Reilly              Patrick Sieloff          

Goaltenders
Starting : Mackenzie Blackwood      
Backup : Oscar Dansk              

Extra Forwards
Normal : Nikita Scherbak, Patrick Russell, Thomas DiPauli - PP : Nikita Scherbak, Patrick Russell - PK : Thomas DiPauli
Extra Defensemen
Normal : Jeremy Davies, Duncan Siemens, Calle Andersson - PP : Jeremy Davies - PK : Duncan Siemens, Calle Andersson
Penalty Shots
Dave Bolland, Mikhail Grigorenko, Jesse Puljujarvi, Hudson Fasching, J.T. Brown
Custom OT Lines Forwards
Dave Bolland, Mikhail Grigorenko, Jesse Puljujarvi, Hudson Fasching, J.T. Brown, Kurtis Gabriel, Myles Bell, Dillon Dube, Andrew Poturalski, Nikita Scherbak
Custom OT Lines Defensemen
Mike Reilly, Patrick Sieloff, Duncan Siemens, Calle Andersson, Jeremy Davies

Scratches
Julius Honka (Back Surgery Injury), Declan Chisholm (Healthy), Zach Whitecloud (Healthy), Gabriel Fortier (Healthy), Petr Kvaca (Healthy)

Punishers

5 vs 5 Forward 
   Center                   Left Wing                Right Wing               Time % Phy DF OF 
 1 John Quenneville         Zemgus Girgensons        Kole Lind                40     0   2  3  
 2 Kevin Roy                Oskar Lindblom           Corey Tropp              31     0   2  3  
 3 Adam Ruzicka             Anton Blidh              Jesse Ylonen             20     1   2  2  
 4 Daniel Audette           Joel Kiviranta           Carson Meyer             9      1   2  2  

5 vs 5 Defense 
   Defense                  Defense                                           Time % Phy DF OF 
 1 Ben Betker               Artem Zub                                         40     1   2  2  
 2 Connor Clifton           Niko Mikkola                                      30     1   2  2  
 3 Urho Vaakanainen         Nicolas Beaudin                                   20     1   2  2  
 4 Artem Zub                Ben Betker                                        10     1   2  2  

PowerPlay Forward 
   Center                   Left Wing                Right Wing               Time % Phy DF OF 
 1 John Quenneville         Zemgus Girgensons        Corey Tropp              60     0   2  3  
 2 Kevin Roy                Oskar Lindblom           Kole Lind                40     0   2  3  

PowerPlay Defense
   Defense                  Defense                                           Time % Phy DF OF 
 1 Ben Betker               Artem Zub                                         60     0   2  3  
 2 Connor Clifton           Niko Mikkola                                      40     1   2  2  

Penalty Kill 4 Players Forward 
   Center                   Wing                     Time % Phy DF OF 
 1 John Quenneville         Oskar Lindblom           60     1   3  1  
 2 Kevin Roy                Zemgus Girgensons        40     1   3  1  

Penalty Kill 4 Players Defense
   Defense                  Defense                  Time % Phy DF OF 
 1 Ben Betker               Artem Zub                60     1   3  1  
 2 Connor Clifton           Niko Mikkola             40     1   3  1  

Penalty Kill - 3 Players Forward 
   Forward                                           Time % Phy DF OF 
 1 John Quenneville                                  60     0   4  1  
 2 Zemgus Girgensons                                 40     0   4  1  

Penalty Kill - 3 Players Defense
   Defense                  Defense                  Time % Phy DF OF 
 1 Ben Betker               Artem Zub                60     1   3  1  
 2 Connor Clifton           Niko Mikkola             40     1   3  1  

4 vs 4 Forward 
   Center                   Wing                     Time % Phy DF OF 
 1 John Quenneville         Oskar Lindblom           60     1   2  2  
 2 Kevin Roy                Zemgus Girgensons        40     1   2  2  

4 vs 4 Defense
   Defense                  Defense                  Time % Phy DF OF 
 1 Ben Betker               Artem Zub                60     1   2  2  
 2 Connor Clifton           Niko Mikkola             40     1   2  2  

Last Minutes Offensive
   Center                   Left Wing                Right Wing               Defense                  Defense                  
   John Quenneville         Zemgus Girgensons        Corey Tropp              Ben Betker               Artem Zub                

Last Minutes Defensive
   Center                   Left Wing                Right Wing               Defense                  Defense                  
   John Quenneville         Zemgus Girgensons        Corey Tropp              Ben Betker               Artem Zub                

Goaltenders
Starting : Cal Petersen             
Backup : Antoine Bibeau           

Extra Forwards
Normal : Corey Tropp, John Quenneville, Zemgus Girgensons - PP : Jesse Ylonen, Kole Lind - PK : Zemgus Girgensons
Extra Defensemen
Normal : Connor Clifton, Artem Zub, Ben Betker - PP : Connor Clifton - PK : Niko Mikkola, Urho Vaakanainen
Penalty Shots
John Quenneville, Corey Tropp, Zemgus Girgensons, Anton Blidh, Oskar Lindblom
Custom OT Lines Forwards
John Quenneville, Corey Tropp, Zemgus Girgensons, Oskar Lindblom, Anton Blidh, Kole Lind, Kevin Roy, Adam Ruzicka, Jesse Ylonen, Joel Kiviranta
Custom OT Lines Defensemen
Artem Zub, Ben Betker, Niko Mikkola, Urho Vaakanainen, Connor Clifton

Scratches
Ben Meyers (Healthy), John Hayden (Healthy), Noah Juulsen (Right Foot Injury), Jack Ahcan (Healthy), Warren Foegele (Healthy)
Marcus Karlberg (Healthy), Jack LaFontaine (Healthy)

% Time on Ice - Icehogs

Lines # - Real PCT - Wanted PCT - Time Play
Normal Forward
1 - 35% - 40% - 15:54
2 - 31% - 30% - 14:07
3 - 19% - 20% - 8:50
4 - 16% - 10% - 7:11
Normal Defense
1 - 43% - 40% - 19:53
2 - 31% - 30% - 14:09
3 - 21% - 20% - 9:28
4 - 6% - 10% - 2:32
PP Forward
1 - 69% - 60% - 7:11
2 - 31% - 40% - 3:18
PP Defense
1 - 51% - 60% - 5:21
2 - 49% - 40% - 5:08
PK Forward
1 - 72% - 60% - 2:27
2 - 28% - 40% - 0:56
PK Defense
1 - 38% - 60% - 1:18
2 - 62% - 40% - 2:05
PK3 Forward
1 - 0% - 60%
2 - 0% - 40%
PK3 Defense
1 - 0% - 60%
2 - 0% - 40%
44 Forward
1 - 0% - 60%
2 - 0% - 40%
44 Defense
1 - 0% - 60%
2 - 0% - 40%
Last Minute Offensive  - 0:00
Last Minute Defensive  - 0:06
Total
Forward - 60:00
Defense - 60:00

% Time on Ice - Punishers

Lines # - Real PCT - Wanted PCT - Time Play
Normal Forward
1 - 35% - 40% - 16:18
2 - 32% - 31% - 14:45
3 - 18% - 20% - 8:13
4 - 15% - 9% - 6:47
Normal Defense
1 - 39% - 40% - 17:50
2 - 31% - 30% - 14:04
3 - 25% - 20% - 11:44
4 - 5% - 10% - 2:25
PP Forward
1 - 43% - 60% - 1:27
2 - 57% - 40% - 1:56
PP Defense
1 - 36% - 60% - 1:13
2 - 64% - 40% - 2:10
PK Forward
1 - 80% - 60% - 8:23
2 - 20% - 40% - 2:06
PK Defense
1 - 57% - 60% - 6:00
2 - 43% - 40% - 4:29
PK3 Forward
1 - 0% - 60%
2 - 0% - 40%
PK3 Defense
1 - 0% - 60%
2 - 0% - 40%
44 Forward
1 - 0% - 60%
2 - 0% - 40%
44 Defense
1 - 0% - 60%
2 - 0% - 40%
Last Minute Offensive  - 0:05
Last Minute Defensive  - 0:00
Total
Forward - 60:00
Defense - 60:00

Play-by-Play

1st period


0:01 of 1st period - Dave Bolland wins face-off versus John Quenneville in neutral zone.
0:45 of 1st period - Calle Andersson is hit by Corey Tropp.
2:08 of 1st period - Artem Zub is hit by Dillon Dube.
2:49 of 1st period - Snap shot by Myles Bell.
2:49 of 1st period - Deflect By Dillon Dube.
2:49 of 1st period - Stopped by Cal Petersen without a rebound.
2:50 of 1st period - Dave Bolland wins face-off versus John Quenneville in Punishers zone.
2:51 of 1st period - Snap shot by Mikhail Grigorenko.
2:51 of 1st period - Stopped by Cal Petersen with a rebound.
2:59 of 1st period - Wrist shot by John Quenneville.
2:59 of 1st period - Shot Misses the Net.
3:21 of 1st period - Off-side.
3:22 of 1st period - Andrew Poturalski wins face-off versus John Quenneville in neutral zone.
3:27 of 1st period - Snap shot by Michael Rasmussen.
3:27 of 1st period - Shot Blocked by John Quenneville.
3:29 of 1st period - Snap shot by J.T. Brown.
3:29 of 1st period - Stopped by Cal Petersen without a rebound.
3:30 of 1st period - Andrew Poturalski wins face-off versus Zemgus Girgensons in Punishers zone.
3:36 of 1st period - Icing by Nicolas Beaudin.
3:37 of 1st period - John Quenneville wins face-off versus Dave Bolland in Punishers zone.
3:48 of 1st period - Snap shot by Zemgus Girgensons.
3:48 of 1st period - Stopped by Mackenzie Blackwood with a rebound.
3:50 of 1st period - Wrist shot by Zemgus Girgensons.
3:50 of 1st period - Stopped by Mackenzie Blackwood with a rebound.
4:23 of 1st period - Snap shot by John Quenneville.
4:23 of 1st period - Stopped by Mackenzie Blackwood with a rebound.
4:29 of 1st period - Wrist shot by John Quenneville.
4:29 of 1st period - Shot Blocked by Patrick Sieloff.
5:11 of 1st period - Snap shot by Zemgus Girgensons.
5:11 of 1st period - Stopped by Mackenzie Blackwood without a rebound.
5:12 of 1st period - Andrew Poturalski wins face-off versus Adam Ruzicka in Icehogs zone.
5:18 of 1st period - Off-side.
5:19 of 1st period - Adam Ruzicka wins face-off versus Andrew Poturalski in neutral zone.
5:41 of 1st period - Minor Penalty to Kurtis Gabriel for Tripping.
5:42 of 1st period - Kevin Roy wins face-off versus Dave Bolland in Icehogs zone.
6:14 of 1st period - Off-side.
6:15 of 1st period - Thomas DiPauli wins face-off versus Kevin Roy in neutral zone.
7:05 of 1st period - Wrist shot by Zemgus Girgensons.
7:05 of 1st period - Goal by Zemgus Girgensons - Icehogs : 0 - Punishers : 1.
7:06 of 1st period - Maxim Letunov wins face-off versus Daniel Audette in neutral zone.
7:11 of 1st period - Ben Betker is hit by Ross Johnston and loses puck.
7:37 of 1st period - Off-side.
7:38 of 1st period - Dave Bolland wins face-off versus John Quenneville in neutral zone.
7:43 of 1st period - Snap shot by Mikhail Grigorenko.
7:43 of 1st period - Shot Misses the Net.
8:03 of 1st period - Slapshot by John Quenneville.
8:03 of 1st period - Stopped by Mackenzie Blackwood with a rebound.
8:15 of 1st period - Snap shot by Mikhail Grigorenko.
8:15 of 1st period - Stopped by Cal Petersen without a rebound.
8:16 of 1st period - Adam Ruzicka wins face-off versus Andrew Poturalski in Punishers zone.
8:16 of 1st period - Adam Ruzicka is hit by Michael Rasmussen.
8:19 of 1st period - Minor Penalty to Adam Ruzicka for Hooking.
8:20 of 1st period - John Quenneville wins face-off versus Mikhail Grigorenko in Punishers zone.
8:28 of 1st period - Wrist shot by Mikhail Grigorenko.
8:28 of 1st period - Stopped by Cal Petersen without a rebound.
8:29 of 1st period - Dave Bolland wins face-off versus John Quenneville in Punishers zone.
8:36 of 1st period - Snap shot by Jesse Puljujarvi.
8:36 of 1st period - Goal by Jesse Puljujarvi - Icehogs : 1 - Punishers : 1.
8:37 of 1st period - Andrew Poturalski wins face-off versus Adam Ruzicka in neutral zone.
9:04 of 1st period - Jeremy Davies is hit by Carson Meyer and loses puck.
9:24 of 1st period - Icing by Niko Mikkola.
9:25 of 1st period - John Quenneville wins face-off versus Dillon Dube in Punishers zone.
10:45 of 1st period - Snap shot by Anton Blidh.
10:45 of 1st period - Stopped by Mackenzie Blackwood without a rebound.
10:46 of 1st period - Dave Bolland wins face-off versus Kevin Roy in Icehogs zone.
11:01 of 1st period - Wrist shot by Corey Tropp.
11:01 of 1st period - Shot Misses the Net.
11:32 of 1st period - Snap shot by Myles Bell.
11:32 of 1st period - Shot Blocked by Niko Mikkola.
11:40 of 1st period - Hudson Fasching is hit by Niko Mikkola and loses puck.
11:51 of 1st period - Calle Andersson is hit by Kevin Roy and loses puck.
13:37 of 1st period - Urho Vaakanainen is hit by Kurtis Gabriel and loses puck.
14:04 of 1st period - Snap shot by Oskar Lindblom.
14:04 of 1st period - Shot Misses the Net.
14:06 of 1st period - Snap shot by Kevin Roy.
14:06 of 1st period - Shot Blocked by Jesse Puljujarvi.
14:08 of 1st period - Snap shot by Corey Tropp.
14:08 of 1st period - Deflect By Jesse Puljujarvi.
14:08 of 1st period - Shot Misses the Net.
14:08 of 1st period - Puck is out of play.
14:09 of 1st period - Kevin Roy wins face-off versus Dave Bolland in Icehogs zone.
14:10 of 1st period - Wrist shot by Oskar Lindblom.
14:10 of 1st period - Stopped by Mackenzie Blackwood with a rebound.
14:12 of 1st period - Wrist shot by Corey Tropp.
14:12 of 1st period - Deflect By Kevin Roy.
14:12 of 1st period - Shot Blocked by Patrick Sieloff.
14:12 of 1st period - Puck is out of play.
14:13 of 1st period - John Quenneville wins face-off versus Dave Bolland in Icehogs zone.
14:26 of 1st period - Ben Betker is hit by Jesse Puljujarvi and loses puck.
15:01 of 1st period - Slapshot by Andrew Poturalski.
15:01 of 1st period - Shot Blocked by Corey Tropp.
15:13 of 1st period - J.T. Brown is hit by Connor Clifton and loses puck.
15:34 of 1st period - Snap shot by Carson Meyer.
15:34 of 1st period - Shot Misses the Net.
15:50 of 1st period - Wrist shot by Jesse Ylonen.
15:50 of 1st period - Deflect By Anton Blidh.
15:50 of 1st period - Stopped by Mackenzie Blackwood with a rebound.
15:52 of 1st period - Snap shot by Jesse Ylonen.
15:52 of 1st period - Stopped by Mackenzie Blackwood without a rebound.
15:53 of 1st period - John Quenneville wins face-off versus Dave Bolland in Icehogs zone.
16:02 of 1st period - Wrist shot by Zemgus Girgensons.
16:02 of 1st period - Stopped by Mackenzie Blackwood with a rebound.
16:04 of 1st period - Snap shot by John Quenneville.
16:04 of 1st period - Stopped by Mackenzie Blackwood with a rebound.
16:41 of 1st period - Snap shot by Mike Reilly.
16:41 of 1st period - Shot Misses the Net.
17:04 of 1st period - Snap shot by Daniel Audette.
17:04 of 1st period - Deflect By Carson Meyer.
17:04 of 1st period - Shot Blocked by Patrick Sieloff.
17:04 of 1st period - Puck is out of play.
17:05 of 1st period - John Quenneville wins face-off versus Dave Bolland in Icehogs zone.
17:22 of 1st period - Off-side.
17:23 of 1st period - Kevin Roy wins face-off versus Dillon Dube in neutral zone.
17:30 of 1st period - Snap shot by Oskar Lindblom.
17:30 of 1st period - Deflect By Kevin Roy.
17:30 of 1st period - Stopped by Mackenzie Blackwood without a rebound.
17:31 of 1st period - Dillon Dube wins face-off versus Kevin Roy in Icehogs zone.
17:38 of 1st period - Snap shot by Hudson Fasching.
17:38 of 1st period - Shot Misses the Net.
17:40 of 1st period - Minor Penalty to Ben Betker for High sticking.
17:41 of 1st period - Dave Bolland wins face-off versus John Quenneville in Punishers zone.
17:48 of 1st period - Snap shot by Mikhail Grigorenko.
17:48 of 1st period - Stopped by Cal Petersen without a rebound.
17:49 of 1st period - Dave Bolland wins face-off versus John Quenneville in Punishers zone.
18:00 of 1st period - Snap shot by Dave Bolland.
18:00 of 1st period - Shot Misses the Net.
18:02 of 1st period - Wrist shot by Dave Bolland.
18:02 of 1st period - Shot Misses the Net.
18:12 of 1st period - Niko Mikkola is hit by Mikhail Grigorenko and loses puck.
18:26 of 1st period - Off-side.
18:27 of 1st period - Kevin Roy wins face-off versus Dillon Dube in neutral zone.
19:40 of 1st period - Penalty to Ben Betker is over, Ben Betker is back on ice.
Goals for this period are 1 for Icehogs vs 1 for Punishers.
Shots for this period are 7 for Icehogs vs 13 for Punishers.

2nd period


0:01 of 2nd period - Dave Bolland wins face-off versus John Quenneville in neutral zone.
0:54 of 2nd period - Snap shot by Anton Blidh.
0:54 of 2nd period - Goal by Anton Blidh - Icehogs : 1 - Punishers : 2.
0:55 of 2nd period - John Quenneville wins face-off versus Dave Bolland in neutral zone.
1:00 of 2nd period - Wrist shot by Zemgus Girgensons.
1:00 of 2nd period - Stopped by Mackenzie Blackwood with a rebound.
1:43 of 2nd period - Minor Penalty to Corey Tropp for Slashing.
1:44 of 2nd period - Dave Bolland wins face-off versus John Quenneville in Punishers zone.
1:45 of 2nd period - Snap shot by Mikhail Grigorenko.
1:45 of 2nd period - Shot Misses the Net.
3:43 of 2nd period - Penalty to Corey Tropp is over, Corey Tropp is back on ice.
4:02 of 2nd period - Wrist shot by Anton Blidh.
4:02 of 2nd period - Shot Blocked by Andrew Poturalski.
4:24 of 2nd period - Snap shot by Kurtis Gabriel.
4:24 of 2nd period - Shot Misses the Net.
4:34 of 2nd period - Niko Mikkola is hit by Kurtis Gabriel and loses puck.
5:59 of 2nd period - Wrist shot by Connor Clifton.
5:59 of 2nd period - Deflect By Daniel Audette.
5:59 of 2nd period - Shot Misses the Net.
5:59 of 2nd period - Puck is out of play.
6:00 of 2nd period - Dave Bolland wins face-off versus John Quenneville in Icehogs zone.
6:28 of 2nd period - Snap shot by Hudson Fasching.
6:28 of 2nd period - Shot Misses the Net.
6:42 of 2nd period - Artem Zub is hit by Myles Bell and loses puck.
7:00 of 2nd period - Icing by Calle Andersson.
7:01 of 2nd period - John Quenneville wins face-off versus Maxim Letunov in Icehogs zone.
7:14 of 2nd period - Wrist shot by Maxim Letunov.
7:14 of 2nd period - Shot Misses the Net.
7:16 of 2nd period - Slapshot by Calle Andersson.
7:16 of 2nd period - Deflect By Nikita Scherbak.
7:16 of 2nd period - Deflect By Zemgus Girgensons.
7:16 of 2nd period - Shot Misses the Net.
7:16 of 2nd period - Puck is out of play.
7:17 of 2nd period - Kevin Roy wins face-off versus Dave Bolland in Punishers zone.
7:44 of 2nd period - Myles Bell is hit by Anton Blidh and loses puck.
7:51 of 2nd period - Snap shot by Jesse Ylonen.
7:51 of 2nd period - Stopped by Mackenzie Blackwood with a rebound.
7:53 of 2nd period - Slapshot by Ben Betker.
7:53 of 2nd period - Shot Misses the Net.
7:55 of 2nd period - Slapshot by Artem Zub.
7:55 of 2nd period - Stopped by Mackenzie Blackwood with a rebound.
8:35 of 2nd period - Snap shot by Corey Tropp.
8:35 of 2nd period - Deflect By Oskar Lindblom.
8:35 of 2nd period - Shot Blocked by Mikhail Grigorenko.
8:35 of 2nd period - Puck is out of play.
8:36 of 2nd period - John Quenneville wins face-off versus Dillon Dube in Icehogs zone.
8:45 of 2nd period - Wrist shot by Zemgus Girgensons.
8:45 of 2nd period - Shot Hit the Post.
8:47 of 2nd period - Wrist shot by Kole Lind.
8:47 of 2nd period - Stopped by Mackenzie Blackwood without a rebound.
8:48 of 2nd period - Dave Bolland wins face-off versus John Quenneville in Icehogs zone.
8:48 of 2nd period - Dave Bolland is hit by John Quenneville.
8:58 of 2nd period - Wrist shot by Dave Bolland.
8:58 of 2nd period - Stopped by Cal Petersen with a rebound.
9:20 of 2nd period - Slapshot by Corey Tropp.
9:20 of 2nd period - Shot Misses the Net.
9:59 of 2nd period - Snap shot by Kurtis Gabriel.
9:59 of 2nd period - Stopped by Cal Petersen with a rebound.
10:15 of 2nd period - Calle Andersson is hit by Anton Blidh.
10:47 of 2nd period - Wrist shot by Kurtis Gabriel.
10:47 of 2nd period - Stopped by Cal Petersen with a rebound.
10:49 of 2nd period - Snap shot by Maxim Letunov.
10:49 of 2nd period - Goal by Maxim Letunov - Icehogs : 2 - Punishers : 2.
10:50 of 2nd period - John Quenneville wins face-off versus Dave Bolland in neutral zone.
10:59 of 2nd period - Snap shot by Zemgus Girgensons.
10:59 of 2nd period - Stopped by Mackenzie Blackwood without a rebound.
11:00 of 2nd period - John Quenneville wins face-off versus Dave Bolland in Icehogs zone.
11:01 of 2nd period - Snap shot by Zemgus Girgensons.
11:01 of 2nd period - Stopped by Mackenzie Blackwood with a rebound.
11:25 of 2nd period - Snap shot by Mikhail Grigorenko.
11:25 of 2nd period - Deflect By Jesse Puljujarvi.
11:25 of 2nd period - Shot Misses the Net.
11:25 of 2nd period - Puck is out of play.
11:26 of 2nd period - Kevin Roy wins face-off versus Dillon Dube in Punishers zone.
11:50 of 2nd period - Patrick Sieloff is hit by Oskar Lindblom and loses puck.
12:33 of 2nd period - Corey Tropp is hit by Myles Bell and loses puck.
13:26 of 2nd period - Hudson Fasching is hit by Corey Tropp and loses puck.
13:39 of 2nd period - Slapshot by Hudson Fasching.
13:39 of 2nd period - Shot Misses the Net.
14:40 of 2nd period - Minor Penalty to Nicolas Beaudin for Holding.
14:41 of 2nd period - Dave Bolland wins face-off versus John Quenneville in Punishers zone.
15:15 of 2nd period - Icing by Mikhail Grigorenko.
15:16 of 2nd period - Dave Bolland wins face-off versus John Quenneville in Icehogs zone.
15:45 of 2nd period - Anton Blidh is hit by Nikita Scherbak and loses puck.
15:53 of 2nd period - Icing by J.T. Brown.
15:54 of 2nd period - Nikita Scherbak wins face-off versus John Quenneville in Icehogs zone.
16:40 of 2nd period - Penalty to Nicolas Beaudin is over, Nicolas Beaudin is back on ice.
16:47 of 2nd period - Snap shot by Mikhail Grigorenko.
16:47 of 2nd period - Shot Hit the Post.
17:07 of 2nd period - Slapshot by Jeremy Davies.
17:07 of 2nd period - Stopped by Cal Petersen with a rebound.
17:09 of 2nd period - Snap shot by Jeremy Davies.
17:09 of 2nd period - Shot Misses the Net.
17:14 of 2nd period - Minor Penalty to Carson Meyer for Holding.
17:15 of 2nd period - Dave Bolland wins face-off versus John Quenneville in Punishers zone.
17:19 of 2nd period - Backhand shot by Jesse Puljujarvi.
17:19 of 2nd period - Shot Blocked by Niko Mikkola.
17:21 of 2nd period - Snap shot by Mikhail Grigorenko.
17:21 of 2nd period - Shot Blocked by Zemgus Girgensons.
17:23 of 2nd period - Slapshot by Jesse Puljujarvi.
17:23 of 2nd period - Shot Blocked by Niko Mikkola.
17:25 of 2nd period - Slapshot by Mike Reilly.
17:25 of 2nd period - Shot Blocked by Niko Mikkola.
17:31 of 2nd period - Snap shot by Mikhail Grigorenko.
17:31 of 2nd period - Deflect By Dave Bolland.
17:31 of 2nd period - Stopped by Cal Petersen with a rebound.
19:14 of 2nd period - Penalty to Carson Meyer is over, Carson Meyer is back on ice.
19:30 of 2nd period - Snap shot by Adam Ruzicka.
19:30 of 2nd period - Stopped by Mackenzie Blackwood with a rebound.
Goals for this period are 1 for Icehogs vs 1 for Punishers.
Shots for this period are 6 for Icehogs vs 8 for Punishers.

3rd period


0:01 of 3rd period - Dave Bolland wins face-off versus John Quenneville in neutral zone.
0:52 of 3rd period - Snap shot by J.T. Brown.
0:52 of 3rd period - Shot Blocked by Oskar Lindblom.
0:58 of 3rd period - Ben Betker is hit by Michael Rasmussen and loses puck.
1:45 of 3rd period - Connor Clifton is hit by Maxim Letunov and loses puck.
2:02 of 3rd period - Slapshot by Myles Bell.
2:02 of 3rd period - Deflect By Hudson Fasching.
2:02 of 3rd period - Shot Misses the Net.
2:02 of 3rd period - Puck is out of play.
2:03 of 3rd period - Dillon Dube wins face-off versus Adam Ruzicka in Punishers zone.
2:10 of 3rd period - Slapshot by Hudson Fasching.
2:10 of 3rd period - Stopped by Cal Petersen with a rebound.
2:12 of 3rd period - Slapshot by Duncan Siemens.
2:12 of 3rd period - Stopped by Cal Petersen without a rebound.
2:13 of 3rd period - Dave Bolland wins face-off versus Adam Ruzicka in Punishers zone.
2:22 of 3rd period - Urho Vaakanainen is hit by Duncan Siemens and loses puck.
2:47 of 3rd period - Wrist shot by J.T. Brown.
2:47 of 3rd period - Stopped by Cal Petersen without a rebound.
2:48 of 3rd period - Dave Bolland wins face-off versus Zemgus Girgensons in Punishers zone.
2:51 of 3rd period - Wrist shot by Mikhail Grigorenko.
2:51 of 3rd period - Shot Blocked by Ben Betker.
2:57 of 3rd period - Slapshot by Artem Zub.
2:57 of 3rd period - Shot Blocked by Dave Bolland.
3:13 of 3rd period - Ben Betker is hit by Hudson Fasching and loses puck.
4:05 of 3rd period - Minor Penalty to Calle Andersson for Holding.
4:06 of 3rd period - John Quenneville wins face-off versus Dave Bolland in Icehogs zone.
4:42 of 3rd period - Mikhail Grigorenko is hit by Kevin Roy and loses puck.
5:14 of 3rd period - Icing by Oskar Lindblom.
5:15 of 3rd period - Thomas DiPauli wins face-off versus Kevin Roy in Punishers zone.
6:05 of 3rd period - Penalty to Calle Andersson is over, Calle Andersson is back on ice.
7:04 of 3rd period - Kurtis Gabriel is hit by Daniel Audette and loses puck.
7:17 of 3rd period - Oskar Lindblom is hit by Mikhail Grigorenko and loses puck.
7:22 of 3rd period - Wrist shot by Mikhail Grigorenko.
7:22 of 3rd period - Stopped by Cal Petersen without a rebound.
7:23 of 3rd period - Dave Bolland wins face-off versus John Quenneville in Punishers zone.
7:27 of 3rd period - Minor Penalty to Kole Lind for Interference.
7:28 of 3rd period - John Quenneville wins face-off versus Dave Bolland in Punishers zone.
7:44 of 3rd period - Slapshot by Dave Bolland.
7:44 of 3rd period - Goal by Dave Bolland - Icehogs : 3 - Punishers : 2.
7:45 of 3rd period - John Quenneville wins face-off versus Dave Bolland in neutral zone.
7:50 of 3rd period - Slapshot by Zemgus Girgensons.
7:50 of 3rd period - Stopped by Mackenzie Blackwood without a rebound.
7:51 of 3rd period - Dave Bolland wins face-off versus John Quenneville in Icehogs zone.
8:40 of 3rd period - Wrist shot by Calle Andersson.
8:40 of 3rd period - Deflect By Kurtis Gabriel.
8:40 of 3rd period - Stopped by Cal Petersen without a rebound.
8:41 of 3rd period - John Quenneville wins face-off versus Maxim Letunov in Punishers zone.
8:41 of 3rd period - John Quenneville is hit by Duncan Siemens.
9:11 of 3rd period - Slapshot by Dave Bolland.
9:11 of 3rd period - Stopped by Cal Petersen without a rebound.
9:12 of 3rd period - Dave Bolland wins face-off versus Kevin Roy in Punishers zone.
9:21 of 3rd period - Snap shot by Oskar Lindblom.
9:21 of 3rd period - Deflect By Corey Tropp.
9:21 of 3rd period - Shot Blocked by Mike Reilly.
9:21 of 3rd period - Puck is out of play.
9:22 of 3rd period - Dave Bolland wins face-off versus John Quenneville in Icehogs zone.
9:35 of 3rd period - Wrist shot by Mikhail Grigorenko.
9:35 of 3rd period - Deflect By Dave Bolland.
9:35 of 3rd period - Shot Blocked by Artem Zub.
9:35 of 3rd period - Puck is out of play.
9:36 of 3rd period - Dave Bolland wins face-off versus John Quenneville in Punishers zone.
9:59 of 3rd period - Icing by John Quenneville.
10:00 of 3rd period - Dillon Dube wins face-off versus Kevin Roy in Punishers zone.
10:34 of 3rd period - Snap shot by Mikhail Grigorenko.
10:34 of 3rd period - Shot Misses the Net.
10:36 of 3rd period - Snap shot by Dave Bolland.
10:36 of 3rd period - Shot Misses the Net.
10:38 of 3rd period - Wrist shot by Dave Bolland.
10:38 of 3rd period - Shot Misses the Net.
10:53 of 3rd period - Snap shot by Ross Johnston.
10:53 of 3rd period - Shot Misses the Net.
10:55 of 3rd period - Slapshot by Maxim Letunov.
10:55 of 3rd period - Deflect By Kurtis Gabriel.
10:55 of 3rd period - Goal by Kurtis Gabriel - Icehogs : 4 - Punishers : 2.
10:56 of 3rd period - Kevin Roy wins face-off versus Dave Bolland in neutral zone.
11:00 of 3rd period - Slapshot by Kevin Roy.
11:00 of 3rd period - Shot Misses the Net.
11:02 of 3rd period - Slapshot by Artem Zub.
11:02 of 3rd period - Deflect By Oskar Lindblom.
11:02 of 3rd period - Stopped by Mackenzie Blackwood with a rebound.
11:04 of 3rd period - Snap shot by Ben Betker.
11:04 of 3rd period - Shot Misses the Net.
11:06 of 3rd period - Snap shot by Corey Tropp.
11:06 of 3rd period - Shot Misses the Net.
11:08 of 3rd period - Slapshot by Oskar Lindblom.
11:08 of 3rd period - Stopped by Mackenzie Blackwood with a rebound.
11:10 of 3rd period - Backhand shot by Oskar Lindblom.
11:10 of 3rd period - Stopped by Mackenzie Blackwood without a rebound.
11:11 of 3rd period - Dave Bolland wins face-off versus John Quenneville in Icehogs zone.
11:20 of 3rd period - Wrist shot by John Quenneville.
11:20 of 3rd period - Shot Misses the Net.
11:22 of 3rd period - Snap shot by Zemgus Girgensons.
11:22 of 3rd period - Shot Blocked by Jesse Puljujarvi.
11:24 of 3rd period - Slapshot by Ben Betker.
11:24 of 3rd period - Stopped by Mackenzie Blackwood without a rebound.
11:25 of 3rd period - John Quenneville wins face-off versus Dave Bolland in Icehogs zone.
11:28 of 3rd period - Wrist shot by John Quenneville.
11:28 of 3rd period - Shot Misses the Net.
11:41 of 3rd period - Wrist shot by John Quenneville.
11:41 of 3rd period - Goal by John Quenneville - Icehogs : 4 - Punishers : 3.
11:42 of 3rd period - Dave Bolland wins face-off versus John Quenneville in neutral zone.
11:57 of 3rd period - Snap shot by John Quenneville.
11:57 of 3rd period - Deflect By Zemgus Girgensons.
11:57 of 3rd period - Stopped by Mackenzie Blackwood with a rebound.
12:42 of 3rd period - Snap shot by Anton Blidh.
12:42 of 3rd period - Stopped by Mackenzie Blackwood without a rebound.
12:43 of 3rd period - John Quenneville wins face-off versus Dave Bolland in Icehogs zone.
13:10 of 3rd period - Ben Betker is hit by Hudson Fasching and loses puck.
13:15 of 3rd period - Snap shot by Hudson Fasching.
13:15 of 3rd period - Stopped by Cal Petersen with a rebound.
13:17 of 3rd period - Slapshot by Dillon Dube.
13:17 of 3rd period - Stopped by Cal Petersen with a rebound.
13:19 of 3rd period - Slapshot by Duncan Siemens.
13:19 of 3rd period - Stopped by Cal Petersen with a rebound.
13:31 of 3rd period - Slapshot by Ben Betker.
13:31 of 3rd period - Stopped by Mackenzie Blackwood with a rebound.
14:08 of 3rd period - Joel Kiviranta is hit by Mikhail Grigorenko.
14:34 of 3rd period - Myles Bell is hit by Connor Clifton and loses puck.
15:13 of 3rd period - Wrist shot by Oskar Lindblom.
15:13 of 3rd period - Shot Blocked by Mikhail Grigorenko.
15:15 of 3rd period - Snap shot by Niko Mikkola.
15:15 of 3rd period - Shot Blocked by Patrick Sieloff.
15:17 of 3rd period - Snap shot by Oskar Lindblom.
15:17 of 3rd period - Shot Misses the Net.
15:19 of 3rd period - Slapshot by Kevin Roy.
15:19 of 3rd period - Stopped by Mackenzie Blackwood with a rebound.
15:21 of 3rd period - Slapshot by Connor Clifton.
15:21 of 3rd period - Shot Blocked by Jesse Puljujarvi.
15:23 of 3rd period - Snap shot by Corey Tropp.
15:23 of 3rd period - Shot Blocked by Mike Reilly.
15:25 of 3rd period - Snap shot by Oskar Lindblom.
15:25 of 3rd period - Stopped by Mackenzie Blackwood with a rebound.
15:31 of 3rd period - Slapshot by Corey Tropp.
15:31 of 3rd period - Shot Blocked by Mikhail Grigorenko.
15:41 of 3rd period - Slapshot by Dave Bolland.
15:41 of 3rd period - Stopped by Cal Petersen with a rebound.
15:47 of 3rd period - Jesse Puljujarvi is hit by Corey Tropp and loses puck.
16:02 of 3rd period - Snap shot by Corey Tropp.
16:02 of 3rd period - Shot Blocked by Patrick Sieloff.
16:06 of 3rd period - Snap shot by Oskar Lindblom.
16:06 of 3rd period - Shot Misses the Net.
16:10 of 3rd period - Snap shot by Corey Tropp.
16:10 of 3rd period - Stopped by Mackenzie Blackwood with a rebound.
16:12 of 3rd period - Slapshot by Oskar Lindblom.
16:12 of 3rd period - Stopped by Mackenzie Blackwood without a rebound.
16:13 of 3rd period - J.T. Brown wins face-off versus Anton Blidh in Icehogs zone.
16:13 of 3rd period - J.T. Brown is hit by Ben Betker.
16:43 of 3rd period - Snap shot by Myles Bell.
16:43 of 3rd period - Deflect By Dillon Dube.
16:43 of 3rd period - Shot Blocked by Zemgus Girgensons.
16:43 of 3rd period - Puck is out of play.
16:44 of 3rd period - Kole Lind wins face-off versus Myles Bell in Punishers zone.
16:44 of 3rd period - Kole Lind is hit by Dillon Dube.
16:49 of 3rd period - Nicolas Beaudin is hit by Jeremy Davies.
17:07 of 3rd period - Snap shot by Dillon Dube.
17:07 of 3rd period - Stopped by Cal Petersen with a rebound.
17:09 of 3rd period - Slapshot by Duncan Siemens.
17:09 of 3rd period - Shot Misses the Net.
17:11 of 3rd period - Snap shot by Hudson Fasching.
17:11 of 3rd period - Stopped by Cal Petersen with a rebound.
17:13 of 3rd period - Slapshot by Duncan Siemens.
17:13 of 3rd period - Shot Misses the Net.
17:19 of 3rd period - Snap shot by Dillon Dube.
17:19 of 3rd period - Stopped by Cal Petersen with a rebound.
17:21 of 3rd period - Wrist shot by Myles Bell.
17:21 of 3rd period - Shot Misses the Net.
17:23 of 3rd period - Slapshot by Calle Andersson.
17:23 of 3rd period - Stopped by Cal Petersen with a rebound.
17:25 of 3rd period - Snap shot by Hudson Fasching.
17:25 of 3rd period - Shot Blocked by Kole Lind.
17:27 of 3rd period - Wrist shot by Myles Bell.
17:27 of 3rd period - Shot Misses the Net.
17:33 of 3rd period - Snap shot by Hudson Fasching.
17:33 of 3rd period - Deflect By Myles Bell.
17:33 of 3rd period - Shot Misses the Net.
17:33 of 3rd period - Puck is out of play.
17:34 of 3rd period - Andrew Poturalski wins face-off versus Adam Ruzicka in Punishers zone.
17:43 of 3rd period - Snap shot by J.T. Brown.
17:43 of 3rd period - Deflect By Artem Zub.
17:43 of 3rd period - Shot Misses the Net.
17:43 of 3rd period - Puck is out of play.
17:44 of 3rd period - Andrew Poturalski wins face-off versus Adam Ruzicka in Punishers zone.
17:45 of 3rd period - Snap shot by J.T. Brown.
17:45 of 3rd period - Deflect By Andrew Poturalski.
17:45 of 3rd period - Stopped by Cal Petersen with a rebound.
17:47 of 3rd period - Snap shot by Andrew Poturalski.
17:47 of 3rd period - Stopped by Cal Petersen without a rebound.
17:48 of 3rd period - Andrew Poturalski wins face-off versus Adam Ruzicka in Punishers zone.
17:52 of 3rd period - Minor Penalty to Jesse Ylonen for Roughing.
17:53 of 3rd period - John Quenneville wins face-off versus Dave Bolland in Punishers zone.
17:59 of 3rd period - Wrist shot by Oskar Lindblom.
17:59 of 3rd period - Shot Misses the Net.
18:25 of 3rd period - Dillon Dube is hit by Kevin Roy and loses puck.
19:52 of 3rd period - Penalty to Jesse Ylonen is over, Jesse Ylonen is back on ice.
Goals for this period are 2 for Icehogs vs 1 for Punishers.
Shots for this period are 18 for Icehogs vs 13 for Punishers.